 Dungeon Crawl Stone Soup version 0.30-a0-715-gdb4ae3ece1 (webtiles) character file.

Game seed: 1477982305094697875

6367 browni3141 the Skirmisher (level 10, -4/67 (81) HPs)
             Began as a Naga Summoner on Jan 24, 2023.
             Was an Initiate of Yredelemnul.
             Killed from afar by Nergalle (34 damage)
             ... with a bolt of negative energy
             ... on level 10 of the Dungeon.
             The game lasted 00:12:47 (7939 turns).

browni3141 the Skirmisher (Naga Summoner)           Turns: 7939, Time: 00:12:48

HP:   -4/67 (81)    AC: 12    Str: 10    XL:     10   Next: 97%
MP:   13/13         EV: 10    Int: 18    God:    Yredelemnul [......]
Gold: 267           SH:  7    Dex: 19    Spells: 7/13 levels left

rFire   . . .      SeeInvis +    r - +3 greatsling "Punk" {acid, rCorr}
rCold   . . .      Faith    .    A - +1 buckler of Ru's Delight {Dex+5}
rNeg    . . .      Spirit   .    a - +0 robe
rPois   +          Reflect  .    K - +0 helmet
rElec   .          Harm     .    e - +2 cloak {rCorr}
rCorr   +          Rampage  .    (no gloves)
Will    +....                    (no barding)
Stlth   +++                      (no amulet)
HPRegen 0.31/turn                C - ring of flight
MPRegen 0.13/turn                G - +4 ring of protection

@: flying, hasted, heavily drained, quick
A: AC +3, large, see invisible, deformed body, poison resistance, slowness 2,
spit poison 1, naga tail 1
a: Spit Poison, Renounce Religion, Recall Undead Harvest


You were on level 10 of the Dungeon.
You worshipped Yredelemnul.
Yredelemnul was noncommittal.
You visited 2 branches of the dungeon, and saw 11 of its levels.

You collected 514 gold pieces.
You spent 247 gold pieces at shops.

Inventory:

Hand Weapons
 n - a +1 dagger of electrocution
 r - the +3 greatsling "Punk" (weapon) {acid, rCorr}
   (You found it on level 3 of the Dungeon)

   rCorr:     It protects you from acid and corrosion.
Missiles
 h - 11 atropa-tipped darts
Armour
 a - a +0 robe (worn)
 e - a +2 cloak of preservation (worn)
 A - the +1 buckler of Ru's Delight (worn) {Dex+5}
   (You found it on level 7 of the Dungeon)

   Dex:       It affects your dexterity (+5).
 K - a +0 helmet (worn)
Jewellery
 C - a ring of flight (left hand)
 G - a +4 ring of protection (right hand)
Wands
 w - a wand of flame (13)
 F - a wand of digging (8)
 I - a wand of roots (5)
Scrolls
 c - 2 scrolls of vulnerability
 f - a scroll of poison
 i - 2 scrolls of amnesia
 j - 6 scrolls of teleportation
 k - 3 scrolls of noise
 o - a scroll of fear
 p - 2 scrolls of enchant weapon
 t - 4 scrolls of magic mapping
 x - a scroll of torment
 y - 2 scrolls of acquirement {unknown}
 B - a scroll of butterflies {unknown}
 E - a scroll of brand weapon {unknown}
 H - a scroll of blinking {unknown}
Potions
 b - a potion of magic
 d - 4 potions of might
 g - 2 potions of curing
 l - 3 potions of lignification
 m - a potion of haste
 q - a potion of brilliance
 s - 2 potions of heal wounds {unknown}
 u - 2 potions of flight {unknown}
 v - a potion of invisibility {unknown}
 z - a potion of ambrosia {unknown}
 D - a potion of degeneration {unknown}
 J - a potion of mutation {unknown}


   Skills:
 - Level 2.4 Fighting
 * Level 13.0 Ranged Weapons
 - Level 1.5 Dodging
 - Level 3.0 Stealth
 - Level 5.0 Shields
 - Level 2.0 Spellcasting
 - Level 6.0 Summonings


You had 7 spell levels left.
You knew the following spells:

 Your Spells              Type           Power      Damage    Failure   Level
a - Summon Small Mammal   Summ           92%        N/A       1%          1
b - Call Imp              Summ           23%        N/A       2%          2
c - Call Canine Familiar  Summ           23%        N/A       5%          3

Your spell library contained the following spells:

 Spells                   Type           Power      Damage    Failure   Level
 Summon Guardian Golem    Hex/Summ       12%        N/A       19%         3
 Magic Dart               Conj           4%         1d3       22%         1
 Sandblast                Erth           2%         2d4       22%         1
 Blink                    Tloc           2%         N/A       32%         2
 Lesser Beckoning         Tloc           2%         N/A       32%         2
 Momentum Strike          Conj/Tloc      2%         3d8       32%         2
 Passwall                 Tmut/Erth      0%         N/A       32%         2
 Searing Ray              Conj           2%         2d4       32%         2
 Static Discharge         Conj/Air       2%         2-3/arc   32%         2
 Summon Lightning Spire   Summ/Air       12%        N/A       52%         4
 Inner Flame              Hex/Fire       1%         N/A       54%         3
 Mephitic Cloud           Conj/Pois/Air  1%         N/A       54%         3
 Portal Projectile        Hex/Tloc       2%         N/A       54%         3
 Stone Arrow              Conj/Erth      2%         3d7       54%         3
 Tukima's Dance           Hex            1%         N/A       54%         3
 Vampiric Draining        Necr           1%         2d6       54%         3
 Vhi's Electric Charge    Tloc/Air       2%         N/A       54%         3
 Cause Fear               Hex            0%         N/A       91%         4
 Fulminant Prism          Conj/Hex       0%         3d5       91%         4
 Arcjolt                  Conj/Air       0%         1d10      99%         5
 Blade Hands              Tmut           0%         N/A       99%         5
 Freezing Cloud           Conj/Ice/Air   0%         6-21      99%         5
 Lightning Bolt           Conj/Air       0%         1d11      99%         5
 Borgnjor's Revivificati  Necr           0%         N/A       100%        8
 Discord                  Hex            0%         N/A       100%        8
 Maxwell's Capacitive Co  Air            0%         ∞         100%        8


Dungeon Overview and Level Annotations

Branches:
Dungeon (10/15)            Temple (1/1) D:4            Lair (0/5) D:8
    Orc: D:9-12

Altars:
Ashenzari
Cheibriados
Dithmenos
Elyvilon
Fedhas
Gozag
Hepliaklqana
Kikubaaqudgha
Makhleb
Nemelex Xobeh
Okawaru
Qazlal
Ru
Sif Muna
Uskayaw
Vehumet
Wu Jian
Xom
Yredelemnul
Zin
The Shining One

Shops:
D:6 ?

Annotations:
D:10 Nergalle


Innate Abilities, Weirdness & Mutations

Your serpentine skin is tough. (AC +3)
You have supernaturally acute eyesight. (SInv)
Armour fits poorly on your strangely shaped body.
Your system is resistant to poisons. (rPois)
You cover ground very slowly.
You can spit poison.
You have a snake-like lower body.


Message History

You shoot a sling bullet.
The sling bullet hits the spectral orc knight.
The spectral orc knight is splashed with acid.
The acid corrodes the spectral orc knight!
The spectral orc knight is lightly damaged.
Nergalle gestures at you while chanting.
Orcish apparitions take form around you.
The spectral orc knight hits you with a +0 battleaxe.
You feel drained.
The spectral orc attacks as you move away!
The spectral orc closely misses you.
The spectral orc hits you but does no damage.
Nergalle casts a spell at you.
The bolt of negative energy hits the spectral orc.
The spectral orc completely resists.
The bolt of negative energy hits the spectral orc.
The spectral orc completely resists.
The bolt of negative energy hits you!!
You feel drained.
The spectral orc knight attacks as you move away!
The spectral orc knight barely misses you.
Nergalle grimaces horribly.
The spectral orc knight hits you with a +1 war axe!
You feel drained. The spectral orc closely misses you.
You feel yourself speed up. The spectral orc barely misses you.
The spectral orc hits you but does no damage.
The spectral orc knight closely misses you.
You reach down and open the door.
The spectral orc barely misses you.
You block the spectral orc knight's attack.
The spectral orc hits you but does no damage.
The spectral orc attacks as you move away!
The spectral orc hits you but does no damage.
Nergalle points at you and mumbles some strange words.
The bolt of negative energy hits the spectral orc.
The spectral orc completely resists.
The bolt of negative energy hits the spectral orc knight.
The spectral orc knight completely resists.
The bolt of negative energy hits you!!
You feel drained.
Ouch! That really hurt!
You die...
Your body rises from the dead as a mindless zombie.

#....# #....##+#
######<......#
..............# ...
#####+#........####### ...
#.....#............... ....
#.....#...............
.....#.....#.............##
.....#####@#..#####..#####.
.......ZZZZZ..# #..'.....
.......o.Z....# #..#.....
###.$......[.# #..#.....
#..........# #..#.....
#########..# #..###### #..#
#........ #..#####........
#..........[....


You could see Nergalle (corroded), 3 spectral orcs and 3 spectral orc knights.

Vanquished Creatures
  Erolcha (D:9)
  A two-headed ogre (D:8)
  A troll (D:10)
  A wyvern (D:10)
  5 yaks (D:9)
  A steam dragon (D:7)
  A water moccasin (D:5)
  An orc warrior (D:8)
  A sky beast (D:8)
  2 black bears
  An ogre (D:5)
  4 kobold brigands
  A bullfrog (D:8)
  Blork the orc (D:5)
  A scorpion (D:5)
  2 necrophages (D:4)
  11 wights
  8 killer bees
  3 howler monkeys
  2 jellies (D:5)
  3 orc priests
  3 hounds
  2 gnoll boudas
  An orc wizard (D:8)
  14 gnolls
  7 adders
  2 white imps
  A worm (D:3)
  3 dart slugs
  20 orcs
  3 bats
  An endoplasm (D:4)
  2 giant cockroaches
  3 goblins
  3 hobgoblins
  A jackal (D:1)
  5 quokkas
  6 ball pythons
  4 frilled lizards
  13 kobolds
  4 rats
150 creatures vanquished.

Vanquished Creatures (collateral kills)
  Maggie (D:9)
  4 yaks (D:9)
  An orc warrior (D:9)
  A wight (D:7)
  A killer bee (D:9)
  A howler monkey (D:8)
  A jelly (D:7)
  2 orc wizards
  A worm (D:2)
  A dart slug (D:1)
  An orc (D:9)
  2 endoplasms
  2 giant cockroaches (D:1)
  5 goblins
  3 hobgoblins
  6 jackals (D:1)
  2 quokkas
  2 frilled lizards
  8 kobolds
  A rat (D:1)
46 creatures vanquished.

Vanquished Creatures (others)
  2 yak zombies (D:9)
  A killer bee zombie (D:7)
  A hound zombie (D:7)
  A howler monkey zombie (D:7)
  A gnoll zombie (D:8)
  3 kobold zombies
  13 orc zombies
  2 withered plants (D:3)
24 creatures vanquished.

Grand Total: 220 creatures vanquished

Notes
Turn   | Place    | Note
-------+----------+-------------------------------------------
     0 | D:1      | browni3141 the Naga Summoner began the quest for the Orb.
     0 | D:1      | Reached XP level 1. HP: 15/15 MP: 3/3
   112 | D:1      | Reached skill level 1 in Fighting
   193 | D:1      | Reached XP level 2. HP: 14/25 MP: 1/5
   283 | D:1      | Learned a level 2 spell: Call Imp
   507 | D:1      | Reached XP level 3. HP: 33/33 MP: 4/6
   511 | D:1      | Learned a level 3 spell: Call Canine Familiar
   698 | D:1      | Found a faded altar of an unknown god.
  1523 | D:2      | Got the Almanac of Overcast Mortification
  1748 | D:2      | Reached XP level 4. HP: 40/40 MP: 7/7
  2151 | D:3      | Found the +3 greatsling "Punk" {acid, rCorr}
  2196 | D:3      | Reached skill level 5 in Summonings
  2206 | D:3      | Found an ancient bone altar of Kikubaaqudgha.
  2482 | D:3      | Identified the +6 hand axe "Muqont" {flame, *Noise rPois
                  | rCorr}
  2575 | D:4      | Found a staircase to the Ecumenical Temple.
  2636 | D:4      | Reached XP level 5. HP: 46/46 MP: 8/8
  2785 | Temple   | Entered the Ecumenical Temple
  3037 | D:4      | Reached skill level 2 in Ranged Weapons
  3037 | D:4      | Reached XP level 6. HP: 45/55 MP: 9/9
  3038 | D:4      | Noticed a black bear
  3041 | D:4      | Killed a black bear
  3042 | D:4      | Reached skill level 3 in Ranged Weapons
  3273 | D:5      | Entered Level 5 of the Dungeon
  3303 | D:5      | Noticed a water moccasin
  3306 | D:5      | Killed a water moccasin
  3307 | D:5      | Reached skill level 4 in Ranged Weapons
  3307 | D:5      | Reached XP level 7. HP: 61/61 MP: 10/10
  3466 | D:5      | Reached skill level 5 in Ranged Weapons
  3707 | D:5      | Reached skill level 6 in Ranged Weapons
  3940 | D:5      | Noticed Blork the orc
  3942 | D:5      | Killed Blork the orc
  3943 | D:5      | Reached XP level 8. HP: 68/68 MP: 11/11
  4179 | D:6      | Found a white marble altar of Elyvilon.
  4349 | D:6      | Found Jorieryr's Magic Scroll Shop.
  4358 | D:6      | Bought a scroll of identify for 30 gold pieces
  4358 | D:6      | Bought a scroll of identify for 30 gold pieces
  4358 | D:6      | Bought a scroll of magic mapping for 112 gold pieces
  4358 | D:6      | Bought a scroll of identify for 30 gold pieces
  4358 | D:6      | Bought a scroll of identify for 30 gold pieces
  4358 | D:6      | Bought a scroll of noise for 15 gold pieces
  4562 | D:6      | Found a basalt altar of Yredelemnul.
  4570 | D:6      | Became a worshipper of Yredelemnul the Dark
  4611 | D:7      | Reached skill level 7 in Ranged Weapons
  4827 | D:7      | Reached * piety under Yredelemnul
  4896 | D:7      | Reached skill level 8 in Ranged Weapons
  4925 | D:7      | Reached XP level 9. HP: 27/74 MP: 9/12
  4928 | D:7      | Reached skill level 9 in Ranged Weapons
  5197 | D:7      | Identified the +1 buckler of Ru's Delight {Dex+5}
  5350 | D:7      | Reached skill level 1 in Shields
  5632 | D:8      | Found a staircase to the Lair.
  5921 | D:8      | Noticed a two-headed ogre
  5962 | D:8      | Killed a two-headed ogre
  5963 | D:8      | Reached skill level 10 in Ranged Weapons
  6131 | D:8      | Found a glowing golden altar of the Shining One.
  6176 | D:8      | Found a blossoming altar of Fedhas.
  6444 | D:9      | Reached XP level 10. HP: 81/81 MP: 13/13
  6451 | D:9      | Reached skill level 5 in Shields
  6454 | D:9      | Reached ** piety under Yredelemnul
  6457 | D:9      | Reached skill level 11 in Ranged Weapons
  6829 | D:9      | Reached *** piety under Yredelemnul
  6985 | D:9      | Noticed Erolcha
  6997 | D:9      | Killed Erolcha
  6998 | D:9      | Reached skill level 12 in Ranged Weapons
  7362 | D:9      | Found a sacrificial altar of Ru.
  7441 | D:9      | Found an ornate altar of the Wu Jian Council.
  7444 | D:9      | Noticed Maggie
  7448 | D:9      | Reached **** piety under Yredelemnul
  7453 | D:9      | Killed Maggie
  7552 | D:9      | Found a sparkling altar of Nemelex Xobeh.
  7727 | D:9      | Reached ***** piety under Yredelemnul
  7872 | D:10     | Entered Level 10 of the Dungeon
  7923 | D:10     | Reached skill level 13 in Ranged Weapons
  7928 | D:10     | Noticed Nergalle
  7939 | D:10     | Killed from afar by Nergalle

Illustrated notes

Levels and vault maps discovered:
D:1:      dpeg_arrival_radiant, layout_loops_ring, ebering_ecumenical_altar_mist
D:2:      layout_basic, corexii_shack
D:3:      cheibrodos_helix_gallery, layout_rooms, kiku_gazebo_garden_becter,
          corexii_corridor_pit, minmay_crystal_room, minmay_door_square
D:4:      layout_basic, minmay_temple_entry_waves, hangedman_decor_points
D:5:      layout_basic, uniq_blork_the_orc
D:6:      layout_basic, kennysheep_ying_yang, serial_shops, shop,
          nicolae_kite_square_tiling_tiny
D:7:      layout_basic
D:8:      layout_rooms, fedhas_altar_4, mainiacjoe_overflow_small_starburst,
          lair_entry_dummy, serial_aquarium, aquarium_bridge_square
          [aquarium_subvault_wall, aquarium_subvault_bridge,
          aquarium_subvault_window, aquarium_subvault_window],
          aquarium_window_1, aquarium_window_fake, aquarium_window_corner,
          aquarium_window_2, aquarium_view_2d, aquarium_balcony_3b,
          aquarium_pool_1
D:9:      layout_rooms, nemelex_diamond_rough_becter,
          mainiacjoe_overflow_catch_the_wave, serial_curves, eino_curves_03,
          eino_curves_04, uniq_erolcha, uniq_maggie
D:10:     layout_irregular_city, mainiacjoe_overflow_boulevard,
          zombieorc2_lemuel, chequers_serial_rivers_large_a,
          kennysheep_just_a_vault, uniq_fannar, uniq_nergalle
Temple:   compressed_dpeg_triangle_lava_temple

Skill      XL: |  1  2  3  4  5  6  7  8  9 10 |
---------------+-------------------------------+-----
Fighting       | 1 2 |  2.4
Summonings     | 5 6 |  6.0
Ranged Weapons | 2 4 6 8 10 13 | 13.0
Shields        | 4 5 |  5.0
Dodging        | |  1.5
Stealth        | |  3.0
Spellcasting   | |  2.0

Action                     |  1- 3 |  4- 6 |  7- 9 | 10-12 || total
---------------------------+-------+-------+-------+-------++-------
  Melee: Unarmed           |   126 |       |       |       ||   126
         Punch             |     2 |       |       |       ||     2
         Dagger            |     7 |    11 |       |       ||    18
   Fire: Greatsling        |       |    46 |   182 |   113 ||   341
   Cast: Summon Small Mamm |    20 |     4 |       |       ||    24
         Call Imp          |    10 |       |     2 |     1 ||    13
         Call Canine Famil |       |       |     3 |     1 ||     4
 Invoke: Recall Undead Har |       |       |       |     1 ||     1
Ability: Spit Poison       |     5 |       |       |       ||     5
    Use: Scroll            |       |     5 |     7 |     2 ||    14
         Potion            |       |       |       |     1 ||     1
   Stab: Sleeping          |     6 |       |       |       ||     6
 Armour: Robe              |    54 |     3 |    24 |    24 ||   105
  Dodge: Dodged            |    74 |     4 |    34 |    36 ||   148
  Block: Buckler           |       |       |    12 |    25 ||    37

Table legend: (Time is in decaauts)
 A = Elapsed time spent in this place.
 B = Non-inter-level travel time spent in this place.
 C = Inter-level travel time spent in this place.
 D = Time resting spent in this place.
 E = Time spent auto-exploring this place.
 F = Levels seen in this place.
 G = Mean time per level.
                   A        B        C        D        E       F      G
               +--------+--------+--------+--------+--------+-----+--------+
         Total |  10197 |   9672 |    525 |    184 |   8128 |  11 |  927.0 |
       Dungeon |   9909 |   9407 |    502 |    184 |   7878 |  10 |  990.9 |
        Temple |    288 |    266 |     22 |      0 |    250 |   1 |  288.0 |
               +--------+--------+--------+--------+--------+-----+--------+

Top non-repeatable levels by time:
     D:9: 1760 daAuts
     D:1: 1360 daAuts
     D:7: 1286 daAuts
     D:2: 1265 daAuts
     D:8: 1035 daAuts
     D:5: 957 daAuts
     D:6: 814 daAuts
     D:4: 722 daAuts
     D:3: 626 daAuts
  Temple: 288 daAuts
    D:10: 80 daAuts
